 Dungeon Crawl Stone Soup version 0.32-a0-290-g598725c5f2 (webtiles) character file.

Game seed: 8933855125522824040

622 zazu2006 the Protected (level 7, 0/60 HPs)
             Began as a Gnoll Wanderer on Feb 13, 2024.
             Succumbed to a water moccasin's poison
             ... on level 7 of the Dungeon.
             The game lasted 00:06:07 (1363 turns).

zazu2006 the Protected (Gnoll Wanderer)             Turns: 1363, Time: 00:06:08

Health: 0/60       AC: 11    Str: 11    XL:     7   Next: 46%
Magic:  10/10      EV:  7    Int: 12    God:
Gold:   101        SH:  0    Dex: 13    Spells: 11/11 levels left

rFire   . . .        a - +1 falchion
rCold   . . .        (no shield)
rNeg    . . .        b - +0 chain mail
rPois   .            (no helmet)
rElec   .            (no cloak)
rCorr   .            (no gloves)
SInv    .            (no boots)
Will    .....        (no amulet) Stlth
                     (no ring)
HPRegen 0.30/turn    (no ring)
MPRegen 0.12/turn

%: no passive effects
@: mighty, brilliant, lethally poisoned (0 -> -1)
A: fangs 1, strong nose, distributed training
a: no special abilities


You were on level 7 of the Dungeon.
You visited 1 branch of the dungeon, and saw 7 of its levels.

You collected 101 gold pieces.

Inventory:

Hand Weapons
 a - a +1 falchion (weapon)
Armour
 b - a +0 chain mail (worn)
Jewellery
 i - an amulet of the acrobat
Wands
 g - a wand of light (5)
Scrolls
 c - a scroll of butterflies
 f - 3 scrolls of identify {unknown}
 h - a scroll of fear
 j - a scroll of amnesia {unknown}
Potions
 d - a potion of might


   Skills:
 + Level 7.1 Fighting
 + Level 2.6 Short Blades
 + Level 3.7 Long Blades
 + Level 2.6 Axes
 + Level 2.6 Maces & Flails
 + Level 2.6 Polearms
 + Level 2.6 Staves
 + Level 2.6 Ranged Weapons
 + Level 2.6 Throwing
 + Level 10.7 Armour
 + Level 2.6 Dodging
 + Level 3.5 Stealth
 + Level 2.6 Shields
 + Level 2.6 Unarmed Combat
 + Level 2.6 Spellcasting
 + Level 2.1 Conjurations
 + Level 2.1 Hexes
 + Level 2.1 Summonings
 + Level 2.1 Necromancy
 + Level 2.1 Translocations
 + Level 2.1 Fire Magic
 + Level 2.1 Ice Magic
 + Level 2.1 Air Magic
 + Level 2.1 Earth Magic
 + Level 2.1 Alchemy
 + Level 2.9 Invocations
 + Level 2.6 Evocations
 + Level 2.3 Shapeshifting


You had 11 spell levels left.
You didn't know any spells.
Your spell library contained the following spells:

 Spells                   Type           Power      Damage    Failure   Level
 Cigotuvi's Dreadful Rot  Necr/Alch/Air  20%        N/A       94%         2
 Ignite Poison            Fire/Alch      10%        N/A       100%        4
 Freezing Cloud           Conj/Ice/Air   5%         6-21      100%        5


Dungeon Overview and Level Annotations

Branches:
Dungeon (7/15)
 Temple: D:4-7

Altars:
Sif Muna

Annotations:
D:5 Edmund


Innate Abilities, Weirdness & Mutations

You have very sharp teeth.
Your uncanny sense of smell can sniff out nearby items.
Your experience applies equally to all skills.


Message History

Aim: a water moccasin (severely wounded, 53% to hit)
The bolt of light misses the water moccasin.
You feel very sick. The water moccasin closely misses you.
The water moccasin bites you but does no damage.
Aiming: Bolt of Light
Press: ? - help, Shift-Dir - straight line, f/p - water moccasin
Aim: a water moccasin (severely wounded, 53% to hit)
The bolt of light hits the water moccasin!
You kill the water moccasin!
* * * LOW HITPOINT WARNING * * *
You feel very sick.
It was a potion of might.
You feel very mighty all of a sudden.
* * * LOW HITPOINT WARNING * * *
You feel very sick.
It was a potion of brilliance.
You feel clever all of a sudden.
* * * LOW HITPOINT WARNING * * *
You feel very sick.
* * * LOW HITPOINT WARNING * * *
You feel sick.
You see here a water moccasin corpse.
* * * LOW HITPOINT WARNING * * *
You feel sick.
* * * LOW HITPOINT WARNING * * *
You feel sick.
There is a stone staircase leading up here.
* * * LOW HITPOINT WARNING * * *
You feel sick.
* * * LOW HITPOINT WARNING * * *
You feel sick.
Found 3 stones.
* * * LOW HITPOINT WARNING * * *
You feel sick.
* * * LOW HITPOINT WARNING * * *
You feel sick.
* * * LOW HITPOINT WARNING * * *
You feel sick.
You die...

....# .# #...# .#
# #. ...# .#.# .
#..####.#.### .
#..##........ #
#.#..##......#
#.#.#..........##
#........@......F
###..............
####.###.......
#<# #....#. #.#
..(.# #†# .##.#
#.# # ... #.# #.
#.#


You could see a bullfrog.

Vanquished Creatures
  A water moccasin (D:7)
  An ice beast (D:6)
  An ogre (D:6)
  2 scorpions (D:6)
  A bombardier beetle (D:6)
  A hound (D:6)
  An iguana (D:6)
  2 hound zombies (D:4)
  A gnoll (D:5)
  A howler monkey skeleton (D:4)
  A shadow imp (D:6)
  2 ufetubi (D:6)
  An adder zombie (D:4)
  An adder skeleton (D:4)
  2 ribbon worms (D:3)
  5 orcs
  A ball python (D:4)
  A bat (D:2)
  2 endoplasms
  A giant cockroach (D:3)
  2 goblins (D:1)
  A hobgoblin (D:1)
  2 kobolds
  A quokka (D:1)
  A frilled lizard (D:1)
  A rat (D:1)
37 creatures vanquished.

Notes
Turn   | Place    | Note
-------+----------+-------------------------------------------
     0 | D:1      | Reached skill level 10 in Armour
     0 | D:1      | zazu2006 the Gnoll Wanderer began the quest for the Orb.
     0 | D:1      | zazu2006 set off with the following items: a +1 falchion, a
                  | +0 chain mail, a scroll of butterflies.
     0 | D:1      | Reached XP level 1. HP: 23/23 MP: 1/1
   119 | D:1      | Reached XP level 2. HP: 29/29 MP: 2/2
   218 | D:3      | Reached XP level 3. HP: 34/35 MP: 3/3
   257 | D:3      | Reached skill level 1 in Invocations
   283 | D:4      | Reached skill level 1 in Short Blades
   283 | D:4      | Reached skill level 1 in Axes
   283 | D:4      | Reached skill level 1 in Maces & Flails
   283 | D:4      | Reached skill level 1 in Polearms
   283 | D:4      | Reached skill level 1 in Staves
   283 | D:4      | Reached skill level 1 in Ranged Weapons
   283 | D:4      | Reached skill level 1 in Throwing
   283 | D:4      | Reached skill level 1 in Dodging
   283 | D:4      | Reached skill level 1 in Shields
   283 | D:4      | Reached skill level 1 in Unarmed Combat
   283 | D:4      | Reached skill level 1 in Spellcasting
   283 | D:4      | Reached skill level 1 in Evocations
   296 | D:4      | Reached skill level 1 in Shapeshifting
   296 | D:4      | Reached XP level 4. HP: 14/41 MP: 5/5
   381 | D:4      | Reached skill level 1 in Conjurations
   381 | D:4      | Reached skill level 1 in Hexes
   381 | D:4      | Reached skill level 1 in Summonings
   381 | D:4      | Reached skill level 1 in Necromancy
   381 | D:4      | Reached skill level 1 in Translocations
   381 | D:4      | Reached skill level 1 in Fire Magic
   381 | D:4      | Reached skill level 1 in Ice Magic
   381 | D:4      | Reached skill level 1 in Air Magic
   381 | D:4      | Reached skill level 1 in Earth Magic
   381 | D:4      | Reached skill level 1 in Alchemy
   414 | D:4      | Noticed a scorpion
   463 | D:4      | Noticed a black bear
   466 | D:5      | Entered Level 5 of the Dungeon
   489 | D:5      | Noticed Edmund
   500 | D:6      | Found a shimmering blue altar of Sif Muna.
   542 | D:6      | Noticed a scorpion
   559 | D:6      | Killed a scorpion
   560 | D:6      | Reached XP level 5. HP: 47/47 MP: 5/7
   767 | D:6      | Noticed an ogre
   767 | D:6      | Noticed an ice beast
   780 | D:6      | Reached XP level 6. HP: 46/53 MP: 8/8
   782 | D:6      | Killed an ice beast
   978 | D:6      | Reached XP level 7. HP: 60/60 MP: 10/10
  1359 | D:7      | HP: 3/60 [poisoned by a water moccasin]
  1361 | D:7      | HP: 1/60 [poisoned by a water moccasin]
  1363 | D:7      | Succumbed to a water moccasin's poison

Illustrated notes

Levels and vault maps discovered:
D:1:      dpeg_arrival_three_smaller_balls, layout_basic,
          hellmonk_ecumenical_altar_blasted
D:2:      layout_rooms
D:3:      layout_basic, minmay_misc_feat_doors
D:4:      layout_cave_pools, kennysheep_little_box, serial_undead,
          serial_undead_d, serial_undead_c, serial_undead_d, serial_undead_f,
          serial_undead_a, serial_undead_f, serial_undead_b, serial_undead_d,
          serial_shops, kennysheep_mini_moat
D:5:      layout_cave_pools, lemuel_tele_altar, small_statue_intersection,
          serial_bayou_pond_d, uniq_edmund
D:6:      layout_layer_cave, nicolae_sif_muna_condensation,
          chequers_serial_rivers_micro_a, uniq_pikel
D:7:      layout_loops_ring, general_overflow_altar,
          lemuel_coloured_pillars_altar, nzn_hepliaklqana_mist_gate, minitemple,
          minmay_temple_entry_antechambers, serial_shops, nicolae_shop_stone,
          serial_library_regret_index_headful

Skill      XL: |  1  2  3  4  5  6  7 |
---------------+----------------------+-----
Armour         | | 10.7
Invocations    | 1 2 |  2.9
Short Blades   | 1 2 |  2.6
Axes           | 1 2 |  2.6
Maces & Flails | 1 2 |  2.6
Polearms       | 1 2 |  2.6
Staves         | 1 2 |  2.6
Ranged Weapons | 1 2 |  2.6
Throwing       | 1 2 |  2.6
Dodging        | 1 2 |  2.6
Shields        | 1 2 |  2.6
Unarmed Combat | 1 2 |  2.6
Spellcasting   | 1 2 |  2.6
Evocations     | 1 2 |  2.6
Shapeshifting  | 1 2 |  2.3
Conjurations   | 1 2 |  2.1
Hexes          | 1 2 |  2.1
Summonings     | 1 2 |  2.1
Necromancy     | 1 2 |  2.1
Translocations | 1 2 |  2.1
Fire Magic     | 1 2 |  2.1
Ice Magic      | 1 2 |  2.1
Air Magic      | 1 2 |  2.1
Earth Magic    | 1 2 |  2.1
Alchemy        | 1 2 |  2.1
Long Blades    | 3 |  3.7
Stealth        | 3 |  3.5
Fighting       | 7 |  7.1

Action                     |  1- 3 |  4- 6 |  7- 9 || total
---------------------------+-------+-------+-------++-------
  Melee: Falchion          |    63 |    71 |    35 ||   169
         Bite              |    10 |     4 |     1 ||    15
  Evoke: Wand              |       |     3 |     3 ||     6
    Use: Scroll            |       |     1 |       ||     1
         Potion            |       |       |     2 ||     2
   Stab: Invisible         |       |     1 |       ||     1
 Armour: Chain mail        |    77 |    84 |    47 ||   208
  Dodge: Dodged            |    38 |    34 |    21 ||    93

Table legend: (Time is in decaauts)
 A = Elapsed time spent in this place.
 B = Non-inter-level travel time spent in this place.
 C = Inter-level travel time spent in this place.
 D = Time resting spent in this place.
 E = Time spent auto-exploring this place.
 F = Levels seen in this place.
 G = Mean time per level.
                   A        B        C        D        E       F      G
               +--------+--------+--------+--------+--------+-----+--------+
         Total |   1390 |   1249 |    141 |      7 |    712 |   7 |  198.6 |
       Dungeon |   1390 |   1249 |    141 |      7 |    712 |   7 |  198.6 |
               +--------+--------+--------+--------+--------+-----+--------+

Top non-repeatable levels by time:
     D:6: 839 daAuts
     D:4: 161 daAuts
     D:3: 161 daAuts
     D:1: 145 daAuts
     D:5: 34 daAuts
     D:7: 31 daAuts
     D:2: 16 daAuts
